 Dungeon Crawl Stone Soup version 0.31-a0-325-g067879e3d3 (webtiles) character file.

Game seed: 7449492267184369923

268 MacCMillion the Caller (level 6, 23/23 HPs)
             Began as a Felid Summoner on July 18, 2023.
             Quit the game on level 5 of the Dungeon.
             The game lasted 00:21:27 (4799 turns).

MacCMillion the Caller (Felid Summoner)             Turns: 4799, Time: 00:21:28

Health: 23/23      AC:  2    Str:  4    XL:     6   Next: 0%
Magic:  15/15      EV: 18    Int: 18    God:
Gold:   187        SH:  0    Dex: 17    Spells: 7/16 levels left
                                        Lives:  0   Deaths: 2

rFire   . . .        (weapon unavailable)
rCold   . . .        (shield unavailable)
rNeg    . . .        (body armour unavailable)
rPois   .            (helmet unavailable)
rElec   .            (cloak unavailable)
rCorr   .            (gloves unavailable)
SInv    +            (boots unavailable)
Will    .....        (no amulet)
Stlth   ++           (no ring)
HPRegen 0.23/turn    (no ring)
MPRegen 0.14/turn

%: no passive effects
@: beast-form, quick
A: beast (slay +0), very small, claws 1, fangs 3, see invisible, speed 1, shaggy
fur 2, stealthy paws, no weapons or thrown items, no armour, multi-lived, frail
1
a: Begin Untransformation


You were on level 5 of the Dungeon.
You were a hulking beast.
You visited 1 branch of the dungeon, and saw 5 of its levels.

You collected 187 gold pieces.

Inventory:

Jewellery
 r - a ring of resist corrosion
 t - a +4 ring of protection
Talismans
 f - a beast talisman
Wands
 p - a wand of iceblast (9)
 s - a wand of paralysis (8)
Scrolls
 b - a scroll of torment
 c - 2 scrolls of identify
 g - a scroll of silence
 h - a scroll of vulnerability {unknown}
 i - a scroll of summoning
 l - a scroll of blinking {unknown}
 m - a scroll of fog {unknown}
 q - a scroll of noise {unknown}
 u - 3 scrolls of poison {unknown}
Potions
 a - a potion of magic
 d - 2 potions of mutation
 e - a potion of berserk rage
 j - a potion of degeneration {unknown}
 k - a potion of might {unknown}
 n - a potion of heal wounds {unknown}
 o - a potion of attraction {unknown}


   Skills:
 + Level 1.9 Fighting
 + Level 3.9 Dodging
 - Level 2.6 Stealth
 + Level 5.5 Spellcasting
 + Level 3.0 Hexes
 + Level 5.6 Summonings


You had 7 spell levels left.
You knew the following spells:

 Your Spells              Type           Power      Damage    Failure   Level
a - Summon Small Mammal   Summ           100%       N/A       1%          1
b - Call Imp              Summ           50%        N/A       1%          2
c - Call Canine Familiar  Summ           25%        N/A       3%          3
d - Summon Guardian Gole  Hex/Summ       20%        N/A       6%          3

Your spell library contained the following spells:

 Spells                   Type           Power      Damage    Failure   Level
 Lesser Beckoning         Tloc           10%        N/A       19%         2
 Gell's Gravitas          Tloc           5%         N/A       36%         3
 Teleport Other           Tloc           5%         N/A       36%         3
 Summon Lightning Spire   Summ/Air       15%        N/A       36%         4
 Animate Dead             Necr           5%         N/A       77%         4
 Haunt                    Necr/Summ      7%         N/A       100%        7
 Infestation              Necr           2%         N/A       100%        8


Dungeon Overview and Level Annotations

Branches:
Dungeon (5/15)
 Temple: D:4-7

Altars:
Qazlal
Sif Muna
Uskayaw
Zin
The Shining One

Annotations:
D:4 exclusion: orc priest


Innate Abilities, Weirdness & Mutations

You are a hulking beast.
Your limbs bulge with bestial killing power. (Slay +0)
You have sharp claws.
You have razor-sharp teeth.
You have supernaturally acute eyesight. (SInv)
You cover ground quickly. (Speed+)
You are covered in thick fur. (AC +2)
Your paws help you pounce on unaware monsters.
You are incapable of wielding weapons or throwing items.
You cannot wear armour.
You gain extra lives every three experience levels.
You are frail. (-10% HP)


Message History

Casting: Call Canine Familiar (quite dangerous; 3% risk of failure)
Confirm with . or Enter, or press ? or * to list all spells.
The spell is quite dangerous to miscast (3% risk of failure)!
Continue anyway?
The centaur misses you. The centaur kicks you.
Casting: Call Canine Familiar (quite dangerous; 3% risk of failure)
Confirm with . or Enter, or press ? or * to list all spells.
A tiny devil pulls itself out of the air.
The centaur hits you. The centaur barely misses you. The centaur hits you.
The centaur misses you.
You barely miss the centaur. Your bite misses the centaur.
The centaur misses you. The centaur barely misses you.
Your cerulean imp hits the centaur from afar with a -2 spear.
You swap places.
The centaur wields a +0 shortbow.
The centaur shoots an arrow.
The arrow closely misses your hound. The arrow barely misses you.
Your hound bites the centaur.
Your cerulean imp completely misses the centaur.
Your hound bites the centaur.
The centaur unwields a +0 shortbow.
The centaur hits your hound but does no damage.
The centaur kicks your hound.
Your hound completely misses the centaur.
Your cerulean imp barely misses the centaur.
The centaur wields a +0 shortbow.
The centaur shoots an arrow.
The arrow closely misses your hound. The arrow hits you!
* * * LOW HITPOINT WARNING * * *
There is a stone staircase leading up here.
Your hound bites the centaur.
The centaur shoots an arrow.
The arrow barely misses your hound. The arrow hits you!
You stop ascending the stairs.
You die...
Your shape twists and changes as you die.
Your cerulean imp hits the centaur but does no damage.
Your hound barely misses the centaur.
You are now level 6!
You rejoin the land of the living...
Found a stone staircase leading down.
Unknown command.
Saving game... please wait.
Welcome back, MacCMillion the Felid Summoner.
Press ? for a list of commands and other information.
Are you sure you want to abandon this character and quit the game? (Confirm with "yes".)

.##. #>..
###...
.....#####
#.......#
#......#
#......##
#..h....#
#...##..#
##### ..#
.


There were no monsters in sight!

Vanquished Creatures
  Grinder (D:3)
  An endoplasm (D:3)
  A giant cockroach (D:3)
  3 goblins
  2 jackals
  2 bats
  2 kobolds
  A rat (D:2)
13 creatures vanquished.

Vanquished Creatures (collateral kills)
  An ogre (D:4)
  Blork the orc (D:4)
  A scorpion (D:4)
  A hound (D:4)
  An orc priest (D:4)
  An iguana (D:4)
  An orc wizard (D:4)
  3 adders
  2 river rats (D:4)
  An ufetubus (D:4)
  A worm (D:2)
  A dart slug (D:2)
  3 orcs (D:4)
  8 bats
  7 endoplasms
  3 giant cockroaches (D:4)
  7 goblins
  8 hobgoblins
  10 jackals
  2 quokkas
  6 ball pythons
  8 kobolds
  8 rats
85 creatures vanquished.

Grand Total: 98 creatures vanquished

Notes
Turn   | Place    | Note
-------+----------+-------------------------------------------
     0 | D:1      | MacCMillion the Felid Summoner began the quest for the Orb.
     0 | D:1      | Reached XP level 1. HP: 7/7 MP: 4/4
   406 | D:1      | Reached XP level 2. HP: 11/11 MP: 3/6
   624 | D:1      | Learned a level 2 spell: Call Imp
   820 | D:1      | Reached skill level 5 in Summonings
   865 | D:1      | Reached XP level 3. HP: 14/14 MP: 5/7
   877 | D:1      | Learned a level 3 spell: Call Canine Familiar
  1693 | D:2      | Reached XP level 4. HP: 18/18 MP: 2/8
  1811 | D:2      | Found a hide-covered altar of Uskayaw.
  2339 | D:3      | Noticed Grinder
  2515 | D:4      | Noticed Blork the orc
  2671 | D:4      | Killed Blork the orc
  2672 | D:4      | Reached XP level 5. HP: 21/21 MP: 1/11
  2694 | D:4      | Noticed an ogre
  2740 | D:4      | Killed an ogre
  2848 | D:4      | Gained mutation: You are covered in thick fur. (AC +2)
                  | [Felid growth]
  2848 | D:4      | Reached XP level 6. HP: 23/24 MP: 7/13
  2858 | D:4      | Learned a level 3 spell: Summon Guardian Golem
  2866 | D:4      | Gained mutation: You are frail. (-10% HP) [potion of
                  | mutation]
  2982 | D:4      | Killed from afar by an orc priest
  2983 | D:4      | Reached XP level 5. HP: -2/18 MP: 12/13
  3019 | D:4      | Reached skill level 1 in Hexes
  3069 | D:4      | Reached skill level 5 in Spellcasting
  3121 | D:4      | Found a glowing golden altar of the Shining One.
  3122 | D:4      | Found a glowing silver altar of Zin.
  3122 | D:4      | Found a shimmering blue altar of Sif Muna.
  3123 | D:4      | Found a stormy altar of Qazlal.
  3533 | D:3      | Paralysed by Grinder for 2 turns
  3649 | D:3      | Killed Grinder
  3650 | D:3      | Reached skill level 1 in Fighting
  3650 | D:3      | Reached XP level 6. HP: 23/23 MP: 2/15
  4350 | D:4      | Reached XP level 7. HP: 26/26 MP: 16/16
  4784 | D:5      | Entered Level 5 of the Dungeon
  4797 | D:5      | HP: 1/25 [centaur/arrow (10)]
  4798 | D:5      | Shot with an arrow by a centaur
  4799 | D:5      | Reached XP level 6. HP: -9/22 MP: 9/15
  4799 | D:5      | Quit the game

Illustrated notes

Levels and vault maps discovered:
D:1:      lemuel_arrival_muddy, layout_rooms, minmay_tripent
D:2:      layout_loops_ring, basic_altar
D:3:      layout_basic, mainiacjoe_overflow_catwalk, serial_glass,
          glass_columns_b, glass_columns_c, glass_columns_a, glass_columns_a,
          uniq_grinder
D:4:      layout_basic, chequers_temple_overflow_statue_of_worship,
          portal_sewer_entry_e, serial_glass, glass_columns_a, glass_columns_a,
          kennysheep_small_spiral, uniq_blork_the_orc
D:5:      layout_layer_cave, sigmund_army, uniq_eustachio, uniq_sigmund

Skill      XL: |  1  2  3  4  5  6 |
---------------+-------------------+-----
Summonings     | 5 |  5.6
Spellcasting   | 3 5 |  5.5
Hexes          | 2 3 |  3.0
Dodging        | 3 |  3.9
Fighting       | 1 |  1.9
Stealth        | |  2.6

Action                     |  1- 3 |  4- 6 |  7- 9 || total
---------------------------+-------+-------+-------++-------
  Melee: Unarmed           |    33 |    22 |     1 ||    56
         Bite              |     3 |     3 |       ||     6
   Cast: Summon Small Mamm |    49 |     1 |       ||    50
         Call Imp          |     8 |    22 |     3 ||    33
         Call Canine Famil |     5 |    30 |     3 ||    38
         Summon Guardian G |       |     1 |       ||     1
  Evoke: Wand              |       |     4 |       ||     4
    Use: Scroll            |       |     3 |       ||     3
         Potion            |       |     2 |       ||     2
   Stab: Sleeping          |     2 |       |       ||     2
         Paralysed         |       |     5 |       ||     5
         Distracted        |       |     1 |       ||     1
 Armour: Skin              |     6 |     2 |       ||     8
  Dodge: Dodged            |    34 |    12 |    12 ||    58
   Form: Beast             |     1 |       |       ||     1

Table legend: (Time is in decaauts)
 A = Elapsed time spent in this place.
 B = Non-inter-level travel time spent in this place.
 C = Inter-level travel time spent in this place.
 D = Time resting spent in this place.
 E = Time spent auto-exploring this place.
 F = Levels seen in this place.
 G = Mean time per level.
                   A        B        C        D        E       F      G
               +--------+--------+--------+--------+--------+-----+--------+
         Total |   4240 |   4044 |    196 |    892 |   1489 |   5 |  848.0 |
       Dungeon |   4240 |   4044 |    196 |    892 |   1489 |   5 |  848.0 |
               +--------+--------+--------+--------+--------+-----+--------+

Top non-repeatable levels by time:
     D:4: 1456 daAuts
     D:1: 1005 daAuts
     D:2: 949 daAuts
     D:3: 815 daAuts
     D:5: 13 daAuts
